 Dungeon Crawl Stone Soup version 0.20.1-1-g8b1a95d (console) character file.

23702 hilaritas the Blocker (level 13, -11/113 HPs)
             Began as a Formicid Fighter on Aug 6, 2017.
             Was the Champion of Okawaru.
             Mangled by a red devil
             ... wielding a +2 trident of flaming
              (12 damage)
             ... in a volcano.
             The game lasted 00:39:37 (17570 turns).

hilaritas the Blocker (Formicid Fighter)           Turns: 17570, Time: 00:39:38

Health: -11/113    AC: 21    Str: 24      XL:     13   Next: 37%
Magic:  0/21       EV: 14    Int: 10      God:    Okawaru [******]
Gold:   173        SH: 15    Dex:  9 (10) Spells: 12/12 levels left

rFire    + . .     SeeInvis +   C - +2 battleaxe (freeze)
rCold    + . .     Gourm    .   c - +1 shield
rNeg     + . .     Faith    +   M - +1 plate armour {rPois}
rPois    +         Spirit   +   (helmet unavailable)
rElec    +         Reflect  .   p - scarf {Spirit}
rCorr    +         Harm     .   s - +0 pair of gloves
MR       +....     Clarity  +   n - +0 pair of boots
Stlth    ..........             e - amulet of faith
Regen    0.3/turn               F - +2 ring of evasion
MPRegen  0.2/turn               B - ring of positive energy

@: resistant, heroism
A: permanent stasis, dig shafts and tunnels, four strong arms, antennae 3,
hooves 2, clarity, robust 1, sturdy frame 1
a: Dig, Shaft Self, Heroism, Finesse, Renounce Religion


You were in a volcano.
You worshipped Okawaru.
Okawaru was exalted by your worship.
You were hungry.

You visited 3 branches of the dungeon, and saw 14 of its levels.
You visited 1 bazaar.
You also visited: Volcano.

You collected 768 gold pieces.
You spent 595 gold pieces at shops.

Inventory:

Hand Weapons
 y - a +0 dire flail
 A - a +0 battleaxe
 C - a +2 battleaxe of freezing (weapon)
Missiles
 k - 29 tomahawks (quivered)
 q - 5 javelins of penetration
 L - 2 poisoned tomahawks
Armour
 c - a +1 shield (worn)
 n - a +0 pair of boots (worn)
 p - a scarf of spirit shield (worn)
 s - a +0 pair of gloves (worn)
 M - a +1 plate armour of poison resistance (worn)
Jewellery
 b - a +4 ring of strength
 e - an amulet of faith (around neck)
 z - the ring "Kogeirgh" {+Fly Int+5}
   (You bought it in a shop on level 6 of the Dungeon)

   [ring of flight]

   It affects your intelligence (+5).
   It lets you fly.
 B - a ring of positive energy (right hand)
 F - a +2 ring of evasion (left hand)
Wands
 j - a wand of confusion (43/48)
 r - a wand of paralysis (9/24)
 u - a wand of iceblast (2/15)
 v - a wand of iceblast (6/15)
 E - a wand of iceblast (6/15)
Scrolls
 h - 7 scrolls of identify
 l - 9 scrolls of remove curse
 m - 5 scrolls of enchant armour
 t - a scroll of recharging
 x - 4 scrolls of fear
 K - a scroll of amnesia
Potions
 d - 3 potions of flight
 o - 2 potions of agility
 w - 2 potions of curing
 G - a potion of brilliance
 J - a potion of might
Comestibles
 f - 5 bread rations
 g - 13 meat rations
 D - 13 fruits
 I - 5 royal jellies


   Skills:
 - Level 10.1(15.1) Fighting
 - Level 10.4(15.4) Axes
 - Level 3.2(8.2) Throwing
 - Level 10.0(15.0) Armour
 * Level 4.4(9.4) Dodging
 - Level 11.1(16.1) Shields
 * Level 10.8 Invocations
 - Level 5.0 Evocations


You had 12 spell levels left.
You didn't know any spells.

Dungeon Overview and Level Annotations

Branches:
Dungeon (12/15)            Temple (1/1) D:7            Lair (1/6) D:8
    Orc (0/2) D:10

Altars:
Ashenzari
Dithmenos
Elyvilon
Fedhas
Gozag
Hepliaklqana
Kikubaaqudgha
Makhleb
Nemelex Xobeh
Okawaru
Ru
Sif Muna
Uskayaw
Vehumet
Xom
Yredelemnul
Zin
The Shining One

Shops:
D:6 *   D:10 [(

Portals:
Trove: D:10 (give +6 demon whip)

Annotations:
D:12 exclusion: oklob sapling


Innate Abilities, Weirdness & Mutations

You cannot be hasted, slowed, berserked, paralysed or teleported.
You can dig through walls and to a lower floor.
Your four strong arms can wield two-handed weapons with a shield.
You have a pair of large antennae on your head. (SInv)
You have hoof-like feet.
You possess an exceptional clarity of mind.
You are robust. (+10% HP)
Your movements are slightly less encumbered by armour. (ER -2)


Message History

* * * LOW HITPOINT WARNING * * *
You are engulfed in flames!!
* * * LOW HITPOINT WARNING * * *
You hit the sun demon. You freeze the sun demon.
The sun demon is severely wounded.
The red devil hits you from afar with a trident of flaming.
* * * LOW HITPOINT WARNING * * *
The red devil burns you.
* * * LOW HITPOINT WARNING * * *
You block the sun demon's attack.
You feel better.
The red devil hits you but does no damage.
You block the sun demon's attack.
You feel protected. The sun demon hits you!
* * * LOW HITPOINT WARNING * * *
You are engulfed in flames.
You resist.
* * * LOW HITPOINT WARNING * * *
The red devil hits you from afar with a trident of flaming!
You die...

##....≈§§≈§≈.§...#.## ###
##....≈§§§§§≈≈≈≈..§..# #§#
##....§≈≈≈≈§≈≈≈≈≈.....# ##§§
#....§≈≈§≈§≈≈≈≈≈≈....## ##≈≈≈
#....≈≈§§§§≈≈≈≈≈≈≈....# ##≈..≈
##....≈§≈§≈§≈≈≈§≈.....######≈.[[§
........§§§§≈≈≈≈.......#.##.∩..)!
.#..#................##)......)!.
######.§###..#.†@..######.......#
§≈≈ ### ###3### ######### ≈§§#
#4. §≈§# ..$$ ≈≈## .../.$ ###
#§≈≈)[≈≈ # ##≈≈§§§≈# ##≈§§§##


You could see a sun demon and a red devil.

Vanquished Creatures
  Josephine (D:12)
  2 yaktaur captains (D:9)
  A great orb of eyes (D:9)
  2 hydras
  5 two-headed ogres
  An unseen horror (D:11)
  An unseen horror (shapeshifter) (D:9)
  An orc sorcerer (Volcano)
  3 manticores
  An ugly thing (D:12)
  A cyclops (D:12)
  A troll (D:11)
  3 hornets
  2 red devils (Volcano)
  6 hippogriffs
  2 dream sheep (D:11)
  A vampire (D:12)
  5 wraiths
  10 yaks
  A wyvern (D:9)
  A basilisk (D:8)
  A hungry ghost (D:7)
  A vampire mosquito (D:9)
  Edmund (D:4)
  3 hell hounds (Volcano)
  3 water moccasins
  5 porcupines
  5 orc warriors
  4 ice beasts
  A sky beast (D:7)
  An eye of draining (D:11)
  A phantom (D:9)
  2 black bears
  A necrophage (D:11)
  A hornet zombie (D:6)
  3 ogres
  2 centaurs
  4 crocodiles
  5 big kobolds
  6 bullfrogs
  A gnoll sergeant (D:7)
  5 scorpions
  10 killer bees
  8 wights
  4 howler monkeys
  An electric eel (Lair:1)
  3 centaur zombies
  2 quasits (D:11)
  2 bullfrog zombies
  7 crimson imps
  Crazy Yiuf (D:4)
  5 orc priests
  2 bullfrog skeletons
  2 hounds (D:12)
  A jelly (D:7)
  3 iguanas
  9 orc wizards
  6 worker ants
  A hound zombie (D:8)
  A worker ant zombie (D:10)
  A howler monkey skeleton (D:4)
  19 adders
  7 gnolls
  3 shadow imps
  2 oozes (D:4)
  3 adder skeletons
  An adder zombie (D:6)
  5 worms
  A dart slug (D:1)
  A leopard gecko (D:6)
  53 orcs
  11 ball pythons
  6 giant cockroaches
  8 goblins
  7 hobgoblins
  16 jackals
  12 kobolds
  9 quokkas
  7 bats
  6 frilled lizards
  A jackal skeleton (D:5)
  2 leopard gecko skeletons
  A leopard gecko zombie (D:7)
  4 rats
  A fungus (Lair:1)
362 creatures vanquished.

Vanquished Creatures (others)
  An orc wizard (D:9)
  A fungus (D:8)
  10 plants
12 creatures vanquished.

Grand Total: 374 creatures vanquished

Notes
Turn   | Place    | Note
-------+----------+-------------------------------------------
     0 | D:1      | hilaritas the Formicid Fighter began the quest for the Orb.
     0 | D:1      | Reached XP level 1. HP: 18/18 MP: 1/1
    48 | D:1      | Reached skill level 4 in Shields
   118 | D:1      | Reached XP level 2. HP: 24/24 MP: 2/2
  1012 | D:2      | Reached XP level 3. HP: 29/29 MP: 3/3
  1140 | D:2      | Found a faded altar of an unknown god.
  2123 | D:3      | Reached XP level 4. HP: 32/35 MP: 4/4
  2682 | D:3      | Found an ancient bone altar of Kikubaaqudgha.
  2740 | D:3      | Found an opulent altar of Gozag.
  3176 | D:4      | Noticed an ice beast
  3182 | D:4      | Reached skill level 5 in Shields
  3182 | D:4      | Reached XP level 5. HP: 15/41 MP: 5/5
  3191 | D:4      | Killed an ice beast
  3191 | D:4      | Reached skill level 5 in Axes
  3191 | D:4      | Reached XP level 6. HP: 16/47 MP: 6/6
  3317 | D:4      | Noticed Edmund
  3343 | D:4      | Killed Edmund
  3343 | D:4      | Reached XP level 7. HP: 18/52 MP: 7/7
  3623 | D:4      | Found a shattered altar of Ashenzari.
  4036 | D:4      | Found a shimmering altar of Xom.
  4241 | D:4      | Found a runed door.
  4371 | D:4      | Noticed Crazy Yiuf
  4382 | D:4      | Killed Crazy Yiuf
  4382 | D:4      | Reached skill level 6 in Shields
  4382 | D:4      | Reached XP level 8. HP: 29/58 MP: 8/8
  4586 | D:5      | Entered Level 5 of the Dungeon
  6469 | D:6      | Noticed a two-headed ogre
  6481 | D:6      | Killed a two-headed ogre
  6481 | D:6      | Reached skill level 10 in Axes
  6481 | D:6      | Reached skill level 7 in Shields
  6481 | D:6      | Reached XP level 9. HP: 28/64 MP: 9/9
  6996 | D:6      | Found Toaz's Assorted Antiques.
  7001 | D:6      | Bought an ancient bronze ring for 135 gold pieces
  7001 | D:6      | Identified the ring "Kogeirgh" {+Fly Int+5} (You bought it in a shop on level 6 of the Dungeon)
  7164 | D:7      | Found a shadowy altar of Dithmenos.
  7164 | D:7      | Found a burning altar of Makhleb.
  7403 | D:7      | Found a staircase to the Ecumenical Temple.
  7412 | Temple   | Entered the Ecumenical Temple
  7430 | Temple   | Became a worshipper of Warmaster Okawaru
  7461 | D:7      | Reached skill level 8 in Shields
  7576 | D:7      | Reached skill level 1 in Invocations
  7692 | D:7      | Found a blossoming altar of Fedhas.
  7828 | D:7      | Noticed a hippogriff
  7840 | D:7      | Killed a hippogriff
  7840 | D:7      | Reached skill level 5 in Fighting
  7976 | D:7      | Reached XP level 10. HP: 22/74 MP: 11/11
  8440 | D:7      | Reached * piety under Okawaru
  8647 | D:8      | Reached skill level 9 in Shields
  9086 | D:8      | Reached skill level 5 in Armour
  9220 | D:8      | Noticed a two-headed ogre
  9247 | D:8      | Killed a two-headed ogre
  9247 | D:8      | Reached ** piety under Okawaru
  9413 | D:8      | HP: 1/77 [porcupine (7)]
  9417 | D:8      | Reached skill level 10 in Shields
  9685 | D:8      | Found a sacrificial altar of Ru.
  9704 | D:8      | Reached XP level 11. HP: 70/84 MP: 14/14
  9751 | D:8      | Noticed a two-headed ogre
  9765 | D:8      | Killed a two-headed ogre
  9765 | D:8      | Reached *** piety under Okawaru
  9765 | D:8      | Reached skill level 5 in Invocations
 10203 | D:8      | Found a staircase to the Lair.
 10939 | D:6      | Bought a runed battleaxe for 256 gold pieces
 11070 | D:9      | Found a basalt altar of Yredelemnul.
 11183 | D:9      | Noticed a great orb of eyes
 11194 | D:9      | Killed a great orb of eyes
 11194 | D:9      | Received a gift from Okawaru
 11664 | D:9      | Noticed a yaktaur captain
 11675 | D:9      | Killed a yaktaur captain
 11928 | D:9      | Reached **** piety under Okawaru
 11931 | D:9      | Noticed an unseen horror
 11931 | D:9      | a soldier ant changed into an unseen horror
 11940 | D:9      | Killed an unseen horror
 11985 | D:9      | Noticed a yaktaur captain
 11993 | D:9      | Killed a yaktaur captain
 11993 | D:9      | Reached skill level 11 in Shields
 12124 | D:9      | Noticed a two-headed ogre
 12136 | D:9      | Killed a two-headed ogre
 12136 | D:9      | Reached ***** piety under Okawaru
 12136 | D:9      | Reached skill level 10 in Fighting
 12509 | D:10     | Entered Level 10 of the Dungeon
 12537 | D:10     | Found Igeniv's Weapon Boutique.
 12539 | D:10     | Found a staircase to the Orcish Mines.
 12552 | D:10     | Found Motyu's Armour Boutique.
 12733 | D:10     | Found a portal to a secret trove of treasure.
 12823 | D:10     | Reached XP level 12. HP: 97/97 MP: 16/16
 12837 | D:10     | Gained mutation: You do not regenerate when monsters are visible. [potion of mutation]
 12837 | D:10     | Gained mutation: You have large cloven feet. [potion of mutation]
 12838 | D:10     | Lost mutation: You do not regenerate when monsters are visible. [potion of mutation]
 12838 | D:10     | Gained mutation: You have hoof-like feet. [potion of mutation]
 12838 | D:10     | Gained mutation: You possess an exceptional clarity of mind. [potion of mutation]
 12838 | D:10     | Gained mutation: You are robust. (+10% HP) [potion of mutation]
 12838 | D:10     | Gained mutation: Your movements are slightly less encumbered by armour. (ER -2) [potion of mutation]
 13174 | D:11     | Noticed a two-headed ogre
 13181 | D:11     | Killed a two-headed ogre
 14108 | D:11     | Noticed a three-headed hydra
 14116 | D:11     | Killed a three-headed hydra
 14369 | D:11     | Reached skill level 10 in Armour
 14673 | D:11     | Noticed an unseen horror
 14683 | D:11     | Killed an unseen horror
 14683 | D:11     | Received a gift from Okawaru
 14683 | D:11     | Reached skill level 1 in Throwing
 14683 | D:11     | Reached skill level 1 in Dodging
 14683 | D:11     | Reached skill level 1 in Evocations
 14684 | D:11     | Got an encrusted battleaxe {god gift}
 14685 | D:11     | Identified the +0 battleaxe of Modesty {chop, rPois rF- Int+5 SInv} (Okawaru gifted it to you on level 11 of the Dungeon)
 14948 | D:11     | Found a gateway to a bazaar.
 14954 | Bazaar   | Entered a bazaar
 14971 | Bazaar   | Found Feesined's Armour Emporium.
 14971 | Bazaar   | Found Herusch's Book Shoppe.
 14992 | Bazaar   | Found Inyawnul's Armour Emporium.
 14992 | Bazaar   | Found Cyon's Distillery.
 15014 | Bazaar   | Found Igruaj's Book Emporium.
 15014 | Bazaar   | Found Iptimeas's Magic Scroll Shoppe.
 15035 | Bazaar   | Found Mysaj's General Store.
 15035 | Bazaar   | Found Jaivve's Food Shoppe.
 15080 | Bazaar   | Bought a scarf of spirit shield for 81 gold pieces
 15238 | Bazaar   | Bought a scroll of enchant armour for 90 gold pieces
 15279 | Bazaar   | Bought a potion of curing for 33 gold pieces
 15402 | D:12     | Noticed an eight-headed hydra
 15422 | D:12     | Killed an eight-headed hydra
 16264 | D:12     | Reached XP level 13. HP: 112/113 MP: 18/20
 16303 | D:12     | Noticed Josephine
 16320 | D:12     | Killed Josephine
 16378 | D:12     | Reached skill level 10 in Invocations
 16482 | D:12     | Found an opulent altar of Gozag.
 17235 | Lair:1   | Entered Level 1 of the Lair of Beasts
 17296 | Lair:1   | Reached ****** piety under Okawaru
 17315 | Lair:1   | Found a dark tunnel.
 17326 | Volcano  | Entered a volcano
 17485 | Volcano  | Reached skill level 5 in Evocations
 17568 | Volcano  | HP: 5/113 [red devil/trident of flaming (1)]
 17570 | Volcano  | HP: 1/113 [sun demon (4)]
 17570 | Volcano  | Mangled by a red devil

Skill      XL: |  1  2  3  4  5  6  7  8  9 10 11 12 13 |
---------------+----------------------------------------+-----
Shields        | 4 5 6 7 8 10 11 | 11.1
Axes           | 3 4 5 6 7 10 | 10.4
Fighting       | 5 7 10 | 10.1
Invocations    | 2 4 6 9 10 | 10.8
Armour         | 4 6 7 10 | 10.0
Throwing       | 2 3 |  3.2
Dodging        | 2 4 |  4.4
Evocations     | 2 5 |  5.0

Action                   |  1- 3 |  4- 6 |  7- 9 | 10-12 | 13-15 || total
-------------------------+-------+-------+-------+-------+-------++-------
Melee: War axe           |    94 |   227 |   189 |       |       ||   510
       Battleaxe         |       |       |   130 |   675 |   197 ||  1002
       Dire flail        |       |       |       |    15 |       ||    15
Throw: Tomahawk          |       |     5 |     9 |    23 |     3 ||    40
Invok: Heroism           |       |       |       |     4 |     2 ||     6
 Abil: Dig               |       |       |       |       |     2 ||     2
  Use: Scroll            |       |     7 |     8 |    12 |     1 ||    28
       Potion            |       |     3 |     2 |     5 |     2 ||    12
 Stab: Invisible         |       |     1 |       |       |       ||     1
  Eat: Chunk             |     4 |     4 |    12 |    18 |     4 ||    42
       Fruit             |       |       |     6 |     1 |       ||     7
       Royal jelly       |       |       |     1 |       |       ||     1
       Bread ration      |       |       |       |     2 |       ||     2
Armor: Scale mail        |    27 |    12 |       |       |       ||    39
       Chain mail        |       |   139 |   124 |   219 |       ||   482
       Skin              |       |     4 |       |       |       ||     4
       Plate armour      |       |       |       |    60 |    84 ||   144
Dodge: Dodged            |    35 |    42 |   103 |   249 |    91 ||   520
Block: Shield            |    49 |   126 |   207 |   538 |   155 ||  1075
